 Dungeon Crawl Stone Soup version 0.30.0-7-g0c4daa9e05 (webtiles) character file.

Game seed: 16234212946228445239

277 Kass the Grasshopper (level 6, 0/51 HPs)
             Began as a Gnoll Warper on May 13, 2023.
             Slain by Pikel
             ... wielding a +2 whip of flaming
              (9 damage)
             ... on level 5 of the Dungeon.
             The game lasted 00:12:38 (3901 turns).

Kass the Grasshopper (Gnoll Warper)                 Turns: 3901, Time: 00:12:38

Health: 0/51       AC:  5    Str: 12    XL:     6   Next: 26%
Magic:  14/14      EV: 14    Int: 12    God:
Gold:   242        SH:  0    Dex: 18    Spells: 13/15 levels left

rFire   . . .        a - +0 spear
rCold   . . .        (no shield)
rNeg    . . .        b - +0 leather armour
rPois   .            l - +0 helmet
rElec   .            (no cloak)
rCorr   .            (no gloves)
SInv    .            m - +0 pair of boots
Will    .....        (no amulet)
Stlth   ++           w - +6 ring of dexterity
HPRegen 0.28/turn    (no ring)
MPRegen 0.14/turn

%: no passive effects
@: no status effects
A: fangs 1, strong nose, distributed training
a: no special abilities


You were on level 5 of the Dungeon.
You visited 1 branch of the dungeon, and saw 5 of its levels.

You collected 242 gold pieces.

Inventory:

Hand Weapons
 a - a +0 spear (weapon)
Missiles
 d - 7 boomerangs of dispersal (quivered)
 h - 15 poisoned darts
Armour
 b - a +0 leather armour (worn)
 l - a +0 helmet (worn)
 m - a +0 pair of boots (worn)
 x - a +1 helmet
Jewellery
 w - a +6 ring of dexterity (left hand)
Scrolls
 c - 3 scrolls of blinking
 e - 5 scrolls of identify {unknown}
 j - 2 scrolls of teleportation {unknown}
 k - a scroll of enchant armour {unknown}
 p - 2 scrolls of poison {unknown}
 q - a scroll of enchant weapon {unknown}
 u - a scroll of magic mapping {unknown}
 v - a scroll of amnesia {unknown}
Potions
 f - 2 potions of magic {unknown}
 g - 3 potions of brilliance {unknown}
 i - a potion of mutation {unknown}
 n - a potion of degeneration {unknown}
 o - a potion of flight {unknown}
 r - 2 potions of might {unknown}
 s - 4 potions of curing {unknown}
 t - a potion of lignification {unknown}


   Skills:
 + Level 5.0 Fighting
 + Level 2.0 Short Blades
 + Level 2.0 Long Blades
 + Level 2.0 Axes
 + Level 2.0 Maces & Flails
 + Level 5.0 Polearms
 + Level 2.0 Staves
 + Level 2.0 Ranged Weapons
 + Level 3.2 Throwing
 + Level 3.2 Armour
 + Level 5.0 Dodging
 + Level 2.0 Stealth
 + Level 2.0 Shields
 + Level 2.0 Unarmed Combat
 + Level 5.3 Spellcasting
 + Level 1.5 Conjurations
 + Level 1.5 Hexes
 + Level 1.5 Summonings
 + Level 1.5 Necromancy
 + Level 5.6 Translocations
 + Level 1.5 Transmutations
 + Level 1.5 Fire Magic
 + Level 1.5 Ice Magic
 + Level 1.5 Air Magic
 + Level 1.5 Earth Magic
 + Level 1.5 Poison Magic
 + Level 2.1 Invocations
 + Level 2.0 Evocations


You had 13 spell levels left.
You knew the following spells:

 Your Spells              Type           Power      Damage    Failure   Level
a - Blink                 Tloc           32%        N/A       3%          2

Your spell library contained the following spells:

 Spells                   Type           Power      Damage    Failure   Level
 Lesser Beckoning         Tloc           32%        N/A       3%          2
 Teleport Other           Tloc           16%        N/A       7%          3
 Vhi's Electric Charge    Tloc/Air       22%        N/A       17%         3
 Manifold Assault         Tloc           16%        N/A       24%         4


Dungeon Overview and Level Annotations

Branches:
Dungeon (5/15)
 Temple: D:4-7

Altars:

Annotations:
D:3 1 runed translucent door, Leibowitz's ghost, amateur MiFi
D:5 Pikel


Innate Abilities, Weirdness & Mutations

You have very sharp teeth.
Your uncanny sense of smell can sniff out nearby items.
Your experience applies equally to all skills.


Message History

The lemure is moderately wounded.
The lemure hits you.
You hit the lemure.
The lemure is moderately wounded.
The phantom closely misses you. The lemure closely misses you.
The phantom attacks as you move away! The phantom completely misses you.
There is an open door here.
Pikel attacks as you move away!
Pikel hits you with a +2 whip of flaming!
Pikel burns you.
You see here a +1 helmet.
x - a +1 helmet Pikel hits you with a +2 whip of flaming!
Pikel burns you. The phantom misses you. Pikel attacks as you move away!
Pikel barely misses you. The phantom attacks as you move away!
The phantom hits you but does no damage.
Pikel closely misses you.
There is an open door here.
Pikel says, "All the demons know me.
They respect me."
Pikel attacks as you move away! Pikel closely misses you.
Pikel attacks as you move away! Pikel barely misses you.
Pikel waves his whip at you. Pikel attacks as you move away! Pikel misses you.
Pikel attacks as you move away!
Pikel hits you with a +2 whip of flaming.
Pikel burns you. Pikel attacks as you move away!
Pikel hits you with a +2 whip of flaming.
* * * LOW HITPOINT WARNING * * *
Pikel burns you.
* * * LOW HITPOINT WARNING * * *
Pikel attacks as you move away!
Pikel hits you with a +2 whip of flaming.
* * * LOW HITPOINT WARNING * * *
Pikel burns you.
* * * LOW HITPOINT WARNING * * *
Pikel attacks as you move away!
Pikel hits you with a +2 whip of flaming!
You die...

..# #.###.# .<# #.....# ..#
#.....# ##### #.....# ....#
#.....# ...## #....## ...#
#####.....# ...#
##...#K....######## ..>#
#....@#...##......## ...#
#.)...#W...#.......#
...##########....#.5..#.......#
...#.......##....#5.......(...#
...........<.....#...##......##
...........##...##5..##......##
..##.......##...##5...#.......#
####........#...#.....#......##
#........+...#.....#.......#


You could see Pikel.

Vanquished Creatures
  2 hounds
  A jelly (D:5)
  10 adders
  A worm (D:3)
  3 dart slugs (D:3)
  6 orcs
  8 endoplasms
  4 giant cockroaches
  5 goblins
  4 hobgoblins
  6 jackals (D:1)
  8 quokkas
  A ball python (D:4)
  3 bats
  2 frilled lizards
  7 kobolds
  10 rats
81 creatures vanquished.

Notes
Turn   | Place    | Note
-------+----------+-------------------------------------------
     0 | D:1      | Kass the Gnoll Warper began the quest for the Orb.
     0 | D:1      | Reached XP level 1. HP: 20/20 MP: 6/6
    93 | D:1      | Reached XP level 2. HP: 15/26 MP: 7/7
   649 | D:2      | Reached skill level 5 in Spellcasting
   649 | D:2      | Reached XP level 3. HP: 21/31 MP: 7/9
   652 | D:2      | Learned a level 2 spell: Blink
   762 | D:2      | Reached skill level 1 in Invocations
   784 | D:2      | Reached skill level 1 in Short Blades
   784 | D:2      | Reached skill level 1 in Long Blades
   784 | D:2      | Reached skill level 1 in Axes
   784 | D:2      | Reached skill level 1 in Maces & Flails
   784 | D:2      | Reached skill level 1 in Staves
   784 | D:2      | Reached skill level 1 in Ranged Weapons
   784 | D:2      | Reached skill level 1 in Stealth
   784 | D:2      | Reached skill level 1 in Shields
   784 | D:2      | Reached skill level 1 in Unarmed Combat
   784 | D:2      | Reached skill level 1 in Evocations
   979 | D:2      | Reached XP level 4. HP: 36/38 MP: 11/11
  1438 | D:3      | Reached skill level 1 in Conjurations
  1438 | D:3      | Reached skill level 1 in Hexes
  1438 | D:3      | Reached skill level 1 in Summonings
  1438 | D:3      | Reached skill level 1 in Necromancy
  1438 | D:3      | Reached skill level 1 in Transmutations
  1438 | D:3      | Reached skill level 1 in Fire Magic
  1438 | D:3      | Reached skill level 1 in Ice Magic
  1438 | D:3      | Reached skill level 1 in Air Magic
  1438 | D:3      | Reached skill level 1 in Earth Magic
  1438 | D:3      | Reached skill level 1 in Poison Magic
  1789 | D:3      | Found a runed translucent door.
  1792 | D:3      | Noticed Leibowitz's ghost (amateur MiFi)
  1873 | D:3      | Reached XP level 5. HP: 25/43 MP: 12/12
  2564 | D:3      | Noticed a centaur
  3657 | D:5      | Entered Level 5 of the Dungeon
  3675 | D:5      | Reached XP level 6. HP: 33/50 MP: 14/14
  3799 | D:5      | Reached skill level 5 in Fighting
  3799 | D:5      | Reached skill level 5 in Polearms
  3799 | D:5      | Reached skill level 5 in Dodging
  3865 | D:5      | Noticed Pikel
  3901 | D:5      | Slain by Pikel

Illustrated notes

Levels and vault maps discovered:
D:1:      dpeg_arrival_ratfight, layout_rooms
D:2:      layout_loops_cross
D:3:      layout_loops_ring, ebering_ghost_reflecting_pool,
          lightli_corner_chamber
D:4:      layout_basic, gammafunk_ghost_smash, grunt_ministairs_6
D:5:      layout_gridville, kennysheep_generic_room_4, uniq_pikel

Skill      XL: |  1  2  3  4  5  6 |
---------------+-------------------+-----
Spellcasting   | 5 |  5.3
Invocations    | 1 2 |  2.1
Short Blades   | 1 2 |  2.0
Long Blades    | 1 2 |  2.0
Axes           | 1 2 |  2.0
Maces & Flails | 1 2 |  2.0
Staves         | 1 2 |  2.0
Ranged Weapons | 1 2 |  2.0
Stealth        | 1 2 |  2.0
Shields        | 1 2 |  2.0
Unarmed Combat | 1 2 |  2.0
Evocations     | 1 2 |  2.0
Conjurations   | 1 |  1.5
Hexes          | 1 |  1.5
Summonings     | 1 |  1.5
Necromancy     | 1 |  1.5
Transmutations | 1 |  1.5
Fire Magic     | 1 |  1.5
Ice Magic      | 1 |  1.5
Air Magic      | 1 |  1.5
Earth Magic    | 1 |  1.5
Poison Magic   | 1 |  1.5
Throwing       | 3 |  3.2
Armour         | 3 |  3.2
Fighting       | 5 |  5.0
Polearms       | 5 |  5.0
Dodging        | 5 |  5.0
Translocations | |  5.6

Action                     |  1- 3 |  4- 6 || total
---------------------------+-------+-------++-------
  Melee: Spear             |   128 |   298 ||   426
         Punch             |     2 |     5 ||     7
         Bite              |     4 |    30 ||    34
   Cast: Blink             |       |     4 ||     4
   Stab: Sleeping          |     2 |     7 ||     9
         Distracted        |     1 |       ||     1
 Armour: Leather armour    |    30 |    56 ||    86
  Dodge: Dodged            |    63 |   129 ||   192
